 Dungeon Crawl Stone Soup version 0.28-a0-691-gad6df49e81 (webtiles) character file.

Game seed: 8094293347787081317

210 meatgazer the Skirmisher (level 5, -1/44 HPs)
             Began as a Demonspawn Abyssal Knight on Oct 20, 2021.
             Was a Believer of Lugonu.
             Slain by a hobgoblin (3 damage)
             ... led by Robin
             ... on level 2 of the Dungeon.
             The game lasted 00:03:21 (2952 turns).

meatgazer the Skirmisher (DsAK)                     Turns: 2952, Time: 00:03:21

Health: -1/44      AC:  5    Str: 14    XL:     5   Next: 56%
Magic:  7/7        EV: 11    Int: 12    God:    Lugonu [**....]
Gold:   94         SH:  0    Dex: 13    Spells: 4/4 levels left

rFire   . . .      SeeInvis .   a - +1 falchion
rCold   . . .      Faith    +   (no shield)
rNeg    . . .      Spirit   .   b - +0 leather armour
rPois   .          Reflect  .   (no helmet)
rElec   .          Harm     .   (no cloak)
rCorr   .          Rampage  .   l - +0 pair of gloves
Will    .....                   (no boots)
Stlth   +.........              c - amulet of faith
HPRegen 0.14/turn               (no ring)
MPRegen 0.10/turn               (no ring)

@: no status effects
A: claws 1, rugged brown scales 1, demonic magic 1
a: Renounce Religion, Depart the Abyss, Bend Space


You were on level 2 of the Dungeon.
You worshipped Lugonu.
Lugonu was pleased with you.
You visited 1 branch of the dungeon, and saw 3 of its levels.
You visited the Abyss 1 time.

You collected 94 gold pieces.

Inventory:

Hand Weapons
 a - a +1 falchion (weapon)
Armour
 b - a +0 leather armour (worn)
 l - a +0 pair of gloves (worn)
 m - a +0 plate armour of fire resistance
Jewellery
 c - an amulet of faith (around neck)
Wands
 i - a wand of polymorph (7)
Scrolls
 d - a scroll of fog
Potions
 e - a potion of lignification {unknown}
 f - a potion of flight {unknown}
 g - 3 potions of heal wounds


   Skills:
 + Level 4.9 Fighting
 + Level 2.9 Long Blades
 * Level 2.4 Armour
 - Level 1.0 Dodging
 + Level 3.7 Invocations


You had 4 spell levels left.
You didn't know any spells.
Your spell library contained the following spells:

 Spells                   Type           Power      Damage    Failure   Level
 Sandblast                Erth           0%         2d4       38%         1
 Passwall                 Tmut/Erth      0%         N/A       52%         2
 Stone Arrow              Conj/Erth      0%         3d7       77%         3


Dungeon Overview and Level Annotations

Branches:
Dungeon (3/15)

Altars:
Xom

Annotations:
D:3 Robin


Innate Abilities, Weirdness & Mutations

You have sharp fingernails.
You are partially covered in rugged brown scales. (AC +1, +3% HP)
Spells you cast may paralyse adjacent enemies.


Message History

Lugonu accepts your kill.
The hobgoblin no longer looks unusually strong.
You barely miss the goblin. The goblin completely misses you.
You barely miss the goblin. You closely miss the hobgoblin.
The hobgoblin hits you. The goblin hits you but does no damage.
The hobgoblin hits you.
You hit the hobgoblin.
The hobgoblin is almost dead.
The goblin hits you with a +0 dagger.
The hobgoblin hits you but does no damage.
The goblin barely misses you.
You hit the hobgoblin but do no damage.
The hobgoblin is almost dead.
The hobgoblin no longer looks unusually strong.
The hobgoblin hits you. The goblin hits you with a +0 dagger.
You hit the hobgoblin.
You kill the hobgoblin!
Lugonu accepts your kill.
The goblin no longer looks unusually strong.
The goblin hits you with a +0 dagger.
* * * LOW HITPOINT WARNING * * *
You barely miss the hobgoblin. The goblin hits you with a +0 dagger.
* * * LOW HITPOINT WARNING * * *
The hobgoblin hits you.
* * * LOW HITPOINT WARNING * * *
You hit the hobgoblin.
The hobgoblin is heavily wounded.
The goblin hits you with a +0 dagger.
* * * LOW HITPOINT WARNING * * *
The hobgoblin barely misses you.
You hit the hobgoblin but do no damage.
The hobgoblin is heavily wounded.
The goblin barely misses you. The hobgoblin hits you.
* * * LOW HITPOINT WARNING * * *
You completely miss the hobgoblin.
The hobgoblin is heavily wounded.
The goblin hits you with a +0 dagger.
* * * LOW HITPOINT WARNING * * *
The hobgoblin hits you.
You die...

#.# ###..#...#∩#8#.###
#.# #....#.⌠..###.....
#.# #.##.#..⌠.8#######
#.# #.##..#...########
#.# #>.....###........
#.# #)##.#..#.##....##
#.#######.##>.....##....#
#.##....#g##......##...)#
#.)'....g@##............#
####....####........#####
#....# #.#......# #....#
#.#....<.# #....#
#.#......#### #....#
#.#.##+.....#
#########+#.##......###
#.....##..._.....
#.....##.........


You could see a hobgoblin and a goblin.

Vanquished Creatures
  A golden eye (Abyss:1)
  2 adders (D:2)
  A dart slug (D:1)
  An orc (D:2)
  6 endoplasms
  2 giant cockroaches
  6 goblins
  6 hobgoblins
  A quokka (D:1)
  9 ball pythons
  5 bats
  A frilled lizard (D:2)
  4 kobolds (D:2)
  2 rats
47 creatures vanquished.

Vanquished Creatures (others)
  A plant (D:1)
1 creature vanquished.

Grand Total: 48 creatures vanquished

Notes
Turn   | Place    | Note
-------+----------+-------------------------------------------
     0 | Abyss:1  | meatgazer the Demonspawn Abyssal Knight began the quest for
                  | the Orb.
     0 | Abyss:1  | Reached XP level 1. HP: 18/18 MP: 2/2
    36 | Abyss:1  | Noticed a golden eye
    36 | Abyss:1  | Noticed a golden eye
    36 | Abyss:1  | Noticed a golden eye
    50 | Abyss:1  | Noticed a golden eye
    88 | Abyss:1  | Killed a golden eye
    89 | Abyss:1  | Reached skill level 4 in Fighting
    89 | Abyss:1  | Reached skill level 1 in Dodging
    89 | Abyss:1  | Gained mutation: Spells you cast may paralyse adjacent
                  | enemies. [demonic ancestry]
    89 | Abyss:1  | Reached XP level 2. HP: 26/26 MP: 2/4
    89 | Abyss:1  | Reached XP level 3. HP: 31/31 MP: 2/5
    89 | Abyss:1  | Gained mutation: You are partially covered in rugged brown
                  | scales. (AC +1, +3% HP) [demonic ancestry]
    89 | Abyss:1  | Reached XP level 4. HP: 31/39 MP: 2/6
    89 | Abyss:1  | Gained mutation: You have sharp fingernails. [demonic
                  | ancestry]
    89 | Abyss:1  | Reached XP level 5. HP: 35/44 MP: 2/7
   103 | Abyss:1  | Noticed a smoke demon
   108 | D:1      | Escaped the Abyss
  1069 | D:1      | Reached ** piety under Lugonu
  1437 | D:2      | Found a shimmering altar of Xom.
  1495 | D:2      | Found a faded altar of an unknown god.
  2870 | D:3      | Noticed Robin
  2952 | D:2      | HP: 2/44 [goblin[Robin] (1)]
  2952 | D:2      | Slain by a hobgoblin

Illustrated notes

Levels and vault maps discovered:
D:1:      scummos_arrival_simple_fountains, layout_loops_cross, serial_bayou,
          serial_bayou_shore_b, serial_bayou_pond_a, serial_bayou_pond_b,
          serial_bayou_lake_a, moated_statue
D:2:      layout_basic, basic_altar, shapermc_ecumenical_altar_venn,
          minmay_divided_ellipse
D:3:      minmay_general_purpose_star, layout_loops_ring, lemuel_tele_altar,
          lemuel_zombie_altar_kikubaaqudgha, minmay_lizard_king, uniq_robin

Skill      XL: |  1 |
---------------+----+-----
Fighting       | 4 |  4.9
Long Blades    | 2 |  2.9
Armour         | 2 |  2.4
Dodging        | 1 |  1.0
Invocations    | 3 |  3.7

Action                   |  1- 3 |  4- 6 || total
-------------------------+-------+-------++-------
Melee: Falchion          |     8 |   146 ||   154
  Use: Scroll            |       |     4 ||     4
 Stab: Sleeping          |       |     1 ||     1
Armor: Leather armour    |       |    85 ||    85
Dodge: Dodged            |       |   118 ||   118

Table legend: (Time is in decaauts)
 A = Elapsed time spent in this place.
 B = Non-inter-level travel time spent in this place.
 C = Inter-level travel time spent in this place.
 D = Time resting spent in this place.
 E = Time spent auto-exploring this place.
 F = Levels seen in this place.
 G = Mean time per level.
                   A        B        C        D        E       F      G
               +--------+--------+--------+--------+--------+-----+--------+
         Total |   3015 |   2957 |     58 |   1105 |   1458 |   4 |  753.8 |
       Dungeon |   2901 |   2843 |     58 |   1098 |   1419 |   3 |  967.0 |
         Abyss |    114 |    114 |      0 |      7 |     39 |   1 |  114.0 |
               +--------+--------+--------+--------+--------+-----+--------+

Top non-repeatable levels by time:
     D:2: 1706 daAuts
     D:1: 1188 daAuts
 Abyss:1: 114 daAuts
     D:3: 6 daAuts
